 Dungeon Crawl Stone Soup version 0.29.1-12-g30fa7ad0bf (webtiles) character file.

Game seed: 6130471655632079788

3193 Lutefisk the Zephyrmancer (level 9, -2/57 HPs)
             Began as a Tengu Air Elementalist on Dec 28, 2022.
             Was a Follower of Sif Muna.
             Killed by their own static electricity (6 damage)
             ... on level 8 of the Dungeon.
             The game lasted 00:33:29 (3972 turns).

Lutefisk the Zephyrmancer (Tengu Air Elementalist)  Turns: 3972, Time: 00:33:30

Health: -2/57      AC:  4    Str: 10    XL:     9   Next: 96%
Magic:  9/25       EV: 17    Int: 20    God:    Sif Muna [*.....]
Gold:   234        SH:  0    Dex: 16    Spells: 7/17 levels left

rFire   + . .      SeeInvis +   A - +9 whip of Ciblikh {protect, rPois rCorr MP+9 Int+3}
rCold   . . .      Faith    .   (no shield)
rNeg    . . .      Spirit   .   y - +2 robe {Archmagi}
rPois   +          Reflect  .   (helmet restricted)
rElec   .          Harm     .   (no cloak)
rCorr   +          Rampage  .   (no gloves)
Will    .....      Archmagi +   (boots unavailable)
Stlth   ++........              (no amulet)
HPRegen 0.19/turn               n - ring of see invisible
MPRegen 0.19/turn               I - ring of protection from fire

@: flying quickly and evasively, quick
A: beak, talons 3, nimble flight
a: Renounce Religion, Channel Magic


You were on level 8 of the Dungeon.
You worshipped Sif Muna.
Sif Muna was aware of your devotion.
You visited 2 branches of the dungeon, and saw 9 of its levels.

You collected 441 gold pieces.
You spent 207 gold pieces at shops.

Inventory:

Hand Weapons
 c - a +0 spear
 A - the +9 whip of Ciblikh (weapon) {protect, rPois rCorr MP+9 Int+3}
   (You found it on level 6 of the Dungeon)

   It grants its wielder temporary protection when it strikes (+7 to AC).
   Int:       It affects your intelligence (+3).
   rPois:     It protects you from poison.
   MP:        It affects your magic capacity (+9).
   rCorr:     It protects you from acid and corrosion.
 D - a +4 long sword
Missiles
 h - 19 poisoned darts (quivered)
Armour
 y - a +2 robe of the Archmagi (worn)
Magical Staves
 B - a staff of conjuration
Jewellery
 n - a ring of see invisible (left hand)
 t - an amulet of faith
 I - a ring of protection from fire (right hand)
Wands
 x - a wand of polymorph (21)
 E - a wand of flame (21)
 H - a wand of acid (3)
Scrolls
 a - a scroll of enchant armour {unknown}
 b - 2 scrolls of amnesia {unknown}
 e - 2 scrolls of poison {unknown}
 f - 4 scrolls of enchant weapon {unknown}
 g - 4 scrolls of teleportation {unknown}
 j - 2 scrolls of magic mapping {unknown}
 k - 3 scrolls of butterflies {unknown}
 l - 10 scrolls of identify {unknown}
 o - 2 scrolls of immolation {unknown}
 s - a scroll of silence {unknown}
 v - a scroll of vulnerability {unknown}
 w - 3 scrolls of torment {unknown}
 C - a scroll of summoning {unknown}
Potions
 d - 3 potions of attraction {unknown}
 i - a potion of ambrosia {unknown}
 m - a potion of curing {unknown}
 p - a potion of resistance {unknown}
 q - 2 potions of invisibility {unknown}
 r - a potion of brilliance {unknown}
 u - a potion of heal wounds {unknown}
 z - a potion of berserk rage {unknown}
 F - a potion of mutation {unknown}
 G - 2 potions of lignification {unknown}


   Skills:
 - Level 7.0 Fighting
 - Level 1.0 Throwing
 - Level 5.0 Armour
 - Level 5.0 Dodging
 - Level 3.0 Stealth
 * Level 4.5 Spellcasting
 - Level 4.0 Conjurations
 * Level 9.4 Air Magic
 - Level 4.0 Evocations


You had 7 spell levels left.
You knew the following spells:

 Your Spells              Type           Power      Damage    Failure   Level
a - Shock                 Conj/Air       100%       1d9       1%          1
b - Static Discharge      Conj/Air       47%        3-9/arc   1%          2
c - Swiftness             Air            59%        N/A       1%          3
d - Airstrike             Air            29%        2d(5-21)  2%          4

Your spell library contained the following spells:

 Spells                   Type           Power      Damage    Failure   Level
 Slow                     Hex            24%        N/A       12%         1
 Summon Small Mammal      Summ           24%        N/A       12%         1
 Conjure Flame            Conj/Fire      18%        6-21      16%         3
 Dazzling Flash           Conj/Hex       36%        N/A       16%         3
 Call Canine Familiar     Summ           6%         N/A       36%         3
 Ignite Poison            Fire/Tmut/Pois 6%         N/A       36%         3
 Summon Guardian Golem    Hex/Summ       6%         N/A       36%         3
 Iskenderun's Mystic Bla  Conj/Tloc      18%        2d6       47%         4
 Sticky Flame             Conj/Fire      18%        2d4       47%         4
 Starburst                Conj/Fire      9%         6d5       100%        6


Dungeon Overview and Level Annotations

Branches:
Dungeon (8/15)             Temple (1/1) D:6
   Lair: D:8-11

Altars:
Ashenzari
Cheibriados
Dithmenos
Elyvilon
Fedhas
Gozag
Hepliaklqana
Kikubaaqudgha
Makhleb
Nemelex Xobeh
Qazlal
Sif Muna
Vehumet
Xom
Zin
The Shining One

Shops:
D:7 [

Annotations:
D:3 exclusion: statue
D:7 3 runed translucent doors, FizzleBangTC's ghost, novice MeEE; booth's ghost, novice MiFi; wormed's ghost, novice DsVM


Innate Abilities, Weirdness & Mutations

You have a beak for a mouth.
You have claws for feet.
Your magical nature lets you fly swiftly and evasively.


Message History

Casting: Static Discharge (safe; 1% risk of failure)
Confirm with . or Enter, or press ? or * to list all spells.
Aiming: Shock (safe; 1% risk of failure)
Press: ? - help, Shift-Dir - straight line, f - orc priest
Aim: an orc priest, wielding a +0 trident (severely wounded, 74% to hit)
You feel a surge of power!
The zap hits the orc wizard!
The orc wizard is almost dead.
The zap misses the orc priest.
The orc hits you but does no damage.
Unknown command.
Casting: Shock (safe; 1% risk of failure)
Confirm with . or Enter, or press ? or * to list all spells.
Okay, then.
The orc wizard hits you with a +0 dagger.
The orc priest mumbles some strange prayers to Beogh against you.
Beogh smites you!
* * * LOW HITPOINT WARNING * * *
The orc hits you with a +0 hand axe.
* * * LOW HITPOINT WARNING * * *
Things that are here:
a +0 hand axe; a +0 leather armour
Casting: Shock (safe; 1% risk of failure)
Confirm with . or Enter, or press ? or * to list all spells.
You feel a surge of power!
The orc priest is struck by an arc of lightning!
You kill the orc priest!
Sif Muna accepts your kill.
You are struck by an arc of lightning.
* * * LOW HITPOINT WARNING * * *
The lightning grounds out.
The orc wizard is struck by an arc of lightning.
You kill the orc wizard!
Sif Muna accepts your kill.
You are struck by an arc of lightning.
* * * LOW HITPOINT WARNING * * *
The lightning grounds out.
The orc is struck by an arc of lightning!
You kill the orc!
Sif Muna accepts your kill.
You are struck by an arc of lightning.
You die...

...... ...... # #.... .#
#....######.#
#...).......#
#..........#. ..#
+....).....#... ....#
#....)@....#.... #....#
##### #.....)....+....
#...# ....#
#########'###.... #...#
....#
#.............#####...##
....#
#.............#........#
....#
#.............'........#
'####
#.............#........+
....#
#.............#####...##
.<..#
#.....###'#.......#...##


There were no monsters in sight!

Vanquished Creatures
  Sigmund (D:5)
  A vampire (D:7)
  A steam dragon (D:7)
  3 water moccasins
  A black bear (D:5)
  A sky beast (D:7)
  3 orc warriors
  2 ogres
  5 centaurs
  3 phantoms
  2 kobold brigands
  3 necrophages
  A scorpion (D:5)
  2 bullfrogs (D:8)
  3 wights (D:6)
  A jelly (D:5)
  3 hounds
  4 orc priests
  5 orc wizards
  Ijyb (D:4)
  5 adders
  A shadow imp (D:6)
  A white imp (D:8)
  A dart slug (D:2)
  40 orcs
  3 endoplasms
  3 goblins
  9 hobgoblins
  4 quokkas
  3 ball pythons
  5 bats
  4 frilled lizards
  18 kobolds
  4 rats
147 creatures vanquished.

Vanquished Creatures (others)
  A bush (D:4)
  A butterfly (D:4)
  2 fungi (D:3)
  4 withered plants (D:7)
8 creatures vanquished.

Grand Total: 155 creatures vanquished

Notes
Turn   | Place    | Note
-------+----------+-------------------------------------------
     0 | D:1      | Lutefisk the Tengu Air Elementalist began the quest for the
                  | Orb.
     0 | D:1      | Reached XP level 1. HP: 10/10 MP: 4/4
    80 | D:1      | Reached skill level 1 in Fighting
   166 | D:1      | Reached XP level 2. HP: 16/16 MP: 4/6
   376 | D:2      | Reached XP level 3. HP: 7/22 MP: 2/7
   398 | D:2      | Learned a level 2 spell: Static Discharge
   403 | D:2      | Learned a level 3 spell: Swiftness
   615 | D:3      | Found a radiant altar of Vehumet.
   615 | D:3      | Noticed a charred statue
   639 | D:3      | Reached XP level 4. HP: 11/28 MP: 0/8
   751 | D:3      | Reached skill level 5 in Air Magic
   807 | D:3      | Found a faded altar of an unknown god.
   810 | D:3      | Got Plato's Teachings on Malediction
  1005 | D:4      | Gained mutation: Your magical nature lets you fly swiftly
                  | and evasively. [Tengu growth]
  1005 | D:4      | Reached XP level 5. HP: 14/32 MP: 3/9
  1006 | D:4      | Reached skill level 1 in Armour
  1072 | D:4      | Found a burning altar of Makhleb.
  1202 | D:4      | Noticed a sky beast
  1202 | D:4      | Noticed an ogre
  1234 | D:5      | Entered Level 5 of the Dungeon
  1404 | D:5      | Reached skill level 6 in Air Magic
  1443 | D:5      | Reached XP level 6. HP: 37/37 MP: 1/10
  1610 | D:4      | Reached skill level 7 in Air Magic
  1623 | D:4      | Found a white marble altar of Elyvilon.
  1694 | D:4      | Noticed Ijyb
  1714 | D:4      | Killed Ijyb
  1715 | D:4      | Reached skill level 8 in Air Magic
  1807 | D:5      | Noticed Sigmund
  1834 | D:5      | Killed Sigmund
  1835 | D:5      | Reached XP level 7. HP: 21/43 MP: 5/11
  1868 | D:5      | Reached skill level 1 in Throwing
  1983 | D:5      | Reached skill level 5 in Fighting
  1983 | D:5      | Reached XP level 8. HP: 33/49 MP: 3/12
  1989 | D:5      | Learned a level 4 spell: Airstrike
  2599 | D:7      | Found a runed translucent gate.
  2599 | D:7      | Found a runed translucent gate.
  2599 | D:7      | Found a runed translucent gate.
  2599 | D:7      | Noticed booth's ghost (novice MiFi)
  2599 | D:7      | Noticed wormed's ghost (novice DsVM)
  2599 | D:7      | Noticed FizzleBangTC's ghost (novice MeEE)
  2629 | D:6      | Found a staircase to the Ecumenical Temple.
  2635 | D:6      | Identified the +9 whip of Ciblikh {protect, rPois rCorr
                  | MP+9 Int+3}
  2645 | D:6      | Reached XP level 9. HP: 47/55 MP: 5/14
  2843 | Temple   | Entered the Ecumenical Temple
  3104 | Temple   | Became a worshipper of Sif Muna the Loreminder
  3178 | D:7      | Found Xuaf's Antique Armour Shop.
  3187 | D:7      | Bought an emerald-encrusted ring mail for 207 gold pieces
  3187 | D:7      | Identified the +1 ring mail "Waufrypn" {rPois} (You bought
                  | it in a shop on level 7 of the Dungeon)
  3410 | D:7      | Reached skill level 5 in Armour
  3410 | D:7      | Reached skill level 5 in Dodging
  3481 | D:8      | Found a hazy altar of Hepliaklqana.
  3763 | D:8      | Reached skill level 9 in Air Magic
  3847 | D:8      | Reached * piety under Sif Muna
  3972 | D:8      | Killed from afar by themself

Illustrated notes

Levels and vault maps discovered:
D:1:      sevenhm_arrival_forest_fort_large_2, layout_loops_cross,
          chequers_arboretum
D:2:      layout_rooms
D:3:      layout_rooms, vehumet_statue, mainiacjoe_overflow_brackets,
          shapermc_ecumenical_altar_rom_forum
D:4:      layout_loops_ring, lemuel_crystal_altar,
          nicolae_elyvilon_peaceful_grove, nicolae_overflow_hidden_temple,
          uniq_ijyb
D:5:      layout_gridville, uniq_sigmund
D:6:      layout_basic, minmay_temple_entry_from_below_a, uniq_eustachio
D:7:      layout_gridville, serial_shops, nicolae_shop_stone,
          gammafunk_ghost_cemetery
D:8:      layout_gridville, kennysheep_little_box
Temple:   minmay_temple_forest_path

Skill      XL: |  1  2  3  4  5  6  7  8  9 |
---------------+----------------------------+-----
Fighting       | 1 2 3 4 5 6 7 |  7.0
Conjurations   | 2 3 4 |  4.0
Air Magic      | 5 6 8 9 |  9.4
Armour         | 1 2 4 5 |  5.0
Dodging        | 3 4 5 |  5.0
Throwing       | 1 |  1.0
Evocations     | 2 3 4 |  4.0
Spellcasting   | 3 4 |  4.5
Stealth        | 3 |  3.0

Action                   |  1- 3 |  4- 6 |  7- 9 || total
-------------------------+-------+-------+-------++-------
Melee: Kick              |     5 |    10 |     9 ||    24
       Unarmed           |     2 |    11 |       ||    13
       Spear             |    16 |    36 |     6 ||    58
       Peck              |     2 |     6 |     9 ||    17
       Long sword        |       |       |     7 ||     7
       Quarterstaff      |       |       |     3 ||     3
       Whip              |       |       |    42 ||    42
Throw: Dart              |     1 |     5 |       ||     6
 Cast: Shock             |    52 |    77 |    79 ||   208
       Static Discharge  |     1 |     2 |     7 ||    10
       Airstrike         |       |       |    23 ||    23
  Use: Potion            |       |     1 |       ||     1
Armor: Robe              |     4 |     6 |    23 ||    33
Dodge: Dodged            |    18 |    36 |    60 ||   114
